 Dungeon Crawl Stone Soup version 0.30-a0-458-g86641cc369 (webtiles) character file.

Game seed: 10908399131236224747

541 oldriver the Shooter (level 7, -2/48 HPs)
             Began as a Barachi Hexslinger on Dec 15, 2022.
             Was a Follower of Cheibriados.
             Slain by a gnoll
             ... wielding a +0 halberd
             ... led by a gnoll bouda
              (4 damage)
             ... on level 5 of the Dungeon.
             The game lasted 00:05:10 (4143 turns).

oldriver the Shooter (Barachi Hexslinger)           Turns: 4143, Time: 00:05:11

Health: -2/48      AC:  2    Str: 15    XL:     7   Next: 26%
Magic:  6/8        EV: 12    Int: 16    God:    Cheibriados [*.....]
Gold:   171        SH:  0    Dex: 17    Spells: 7/8 levels left

rFire   . . .      SeeInvis .    a - +1 sling
rCold   . . .      Faith    .    (no shield)
rNeg    . . .      Spirit   .    c - +0 robe
rPois   .          Reflect  .    (no helmet)
rElec   .          Harm     .    (no cloak)
rCorr   .          Rampage  .    (no gloves)
Will    .....                    (no boots)
Stlth   ++........               (no amulet)
HPRegen 0.28/turn                (no ring)
MPRegen 0.11/turn                (no ring)

@: weakened, very slow
A: amphibious, slowness 1, strong legs 1, +LOS
a: Hop, Renounce Religion, Bend Time


You were on level 5 of the Dungeon.
You worshipped Cheibriados.
Cheibriados was aware of your devotion.
You visited 2 branches of the dungeon, and saw 6 of its levels.

You collected 171 gold pieces.

Inventory:

Hand Weapons
 a - a +1 sling (weapon)
 d - a +2 short sword of electrocution
Armour
 c - a +0 robe (worn)
Scrolls
 b - a scroll of poison
 i - 2 scrolls of identify
 m - 3 scrolls of brand weapon
Potions
 g - 2 potions of attraction {unknown}
 h - 5 potions of heal wounds
 j - 3 potions of curing {unknown}
 n - 3 potions of lignification {unknown}
 o - 3 potions of mutation {unknown}


   Skills:
 - Level 1.2 Fighting
 + Level 7.8 Ranged Weapons
 - Level 2.1 Dodging
 - Level 1.1 Spellcasting
 - Level 3.2 Hexes


You had 7 spell levels left.
You knew the following spells:

 Your Spells              Type           Power      Damage    Failure   Level
a - Slow                  Hex            44%        N/A       6%          1

Your spell library contained the following spells:

 Spells                   Type           Power      Damage    Failure   Level
 Beastly Appendage        Tmut           0%         N/A       22%         1
 Wereblood                Tmut           0%         N/A       34%         2
 Inner Flame              Hex/Fire       6%         N/A       34%         3
 Portal Projectile        Hex/Tloc       12%        N/A       34%         3
 Cause Fear               Hex            5%         N/A       52%         4
 Gell's Gravitas          Tloc           0%         N/A       56%         3
 Spider Form              Tmut/Pois      0%         N/A       56%         3
 Teleport Other           Tloc           0%         N/A       56%         3
 Summon Forest            Summ/Tloc      0%         N/A       99%         5
 Dispersal                Tloc           0%         N/A       100%        6
 Eringya's Noxious Bog    Tmut/Pois      0%         N/A       100%        6
 Summon Hydra             Summ           0%         N/A       100%        7


Dungeon Overview and Level Annotations

Branches:
Dungeon (5/15)             Temple (1/1) D:4

Altars:
Ashenzari
Cheibriados
Dithmenos
Elyvilon
Nemelex Xobeh
Okawaru
Qazlal
Ru
Trog
Uskayaw
Vehumet
Wu Jian
Xom
Yredelemnul
Zin
The Shining One

Annotations:
D:3 1 runed translucent door, Crazy Yiuf


Innate Abilities, Weirdness & Mutations

You are amphibious.
You cover ground slowly.
You can hop short distances.
You have an extended range of vision and can be seen from far away.


Message History

The sling bullet barely misses the gnoll bouda.
The gnoll bouda gazes fiercely through you!
You feel as though you will be weak longer.
The gnoll bouda hits you with a +0 club!
The gnoll hits you from afar with a +0 spear!
A gnoll comes into view. It is wielding a +0 flail.
The gnoll bouda gazes fiercely through you!
You feel as though you will be weak longer.
The gnoll bouda hits you with a +0 club.
The gnoll closely misses you. The gnoll barely misses you.
There is an open door here.
Okay, then.
The flow of time bends around you.
Cheibriados rebukes the gnoll bouda.
The gnoll bouda seems to slow down.
Cheibriados rebukes the gnoll.
The gnoll seems to slow down.
The gnoll hits you with a +0 flail!
* * * LOW HITPOINT WARNING * * *
The gnoll bouda hits you with a +0 club.
* * * LOW HITPOINT WARNING * * *
The gnoll hits you from afar with a +0 spear!
* * * LOW HITPOINT WARNING * * *
The gnoll barely misses you.
The gnoll bouda attacks as you move away!
The gnoll bouda barely misses you.
The gnoll is no longer moving quickly.
The gnoll hits you with a +0 flail.
* * * LOW HITPOINT WARNING * * *
The gnoll bouda calls upon its god to heal something.
The gnoll attacks as you move away! The gnoll closely misses you.
A gnoll comes into view. It is wielding a +0 club.
A gnoll comes into view. It is wielding a +0 halberd.
The gnoll hits you with a +0 flail.
* * * LOW HITPOINT WARNING * * *
The gnoll moves out of view.
There is a broken door here.
The gnoll attacks as you move away! The gnoll misses you.
An ice beast comes into view.
The gnoll shouts! x2
The gnoll hits you with a +0 halberd.
You die...

#......$ #.Y....#
###......#
........# #####
##....... +...+
.#......g###...###
#........#..gg...#
#.......g#g#...#+#
#).....))@.#.g.#
##......#####'##
#.....#...O...#
#..........g.>.#
#...........##...#
#........... ###.#
.......##### .#
...... #


You could see an ice beast and 4 gnolls.

Vanquished Creatures
  A black bear (D:4)
  An ogre (D:4)
  A scorpion (D:4)
  A howler monkey (D:4)
  2 hounds (D:4)
  An orc priest (D:4)
  An adder (D:4)
  7 gnolls (D:4)
  4 dart slugs
  11 orcs
  7 ball pythons
  11 endoplasms
  3 giant cockroaches
  8 goblins
  4 hobgoblins
  12 jackals (D:4)
  A quokka (D:4)
  3 bats
  A frilled lizard (D:2)
  4 kobolds
  3 rats (D:1)
87 creatures vanquished.

Vanquished Creatures (others)
  A plant (D:4)
1 creature vanquished.

Grand Total: 88 creatures vanquished

Notes
Turn   | Place    | Note
-------+----------+-------------------------------------------
     0 | D:1      | oldriver the Barachi Hexslinger began the quest for the
                  | Orb.
     0 | D:1      | Reached XP level 1. HP: 15/15 MP: 2/2
   206 | D:1      | Reached XP level 2. HP: 21/21 MP: 3/3
   269 | D:1      | Reached skill level 3 in Ranged Weapons
   881 | D:2      | Reached XP level 3. HP: 26/26 MP: 4/4
  1416 | D:3      | Reached skill level 4 in Ranged Weapons
  1464 | D:3      | Found a shimmering altar of Xom.
  1464 | D:3      | Found a radiant altar of Vehumet.
  1464 | D:3      | Found a sacrificial altar of Ru.
  1647 | D:3      | Found a runed translucent door.
  1648 | D:3      | Noticed Crazy Yiuf
  1789 | D:3      | Found a bloodstained altar of Trog.
  2168 | D:4      | Found a broken altar of Ashenzari.
  2187 | D:4      | Reached XP level 4. HP: 23/32 MP: 5/5
  2385 | D:4      | Reached skill level 5 in Ranged Weapons
  2385 | D:4      | Reached XP level 5. HP: 37/37 MP: 6/6
  2524 | D:4      | Found a staircase to the Ecumenical Temple.
  2538 | Temple   | Entered the Ecumenical Temple
  2691 | Temple   | Became a worshipper of Cheibriados the Contemplative
  2805 | D:4      | Noticed an ogre
  3111 | D:4      | Killed an ogre
  3112 | D:4      | Reached skill level 6 in Ranged Weapons
  3112 | D:4      | Reached XP level 6. HP: 14/43 MP: 7/7
  3525 | D:4      | Noticed a black bear
  3537 | D:4      | Killed a black bear
  3538 | D:4      | Reached skill level 7 in Ranged Weapons
  3773 | D:4      | Reached * piety under Cheibriados
  3774 | D:4      | Reached XP level 7. HP: 48/48 MP: 8/8
  4002 | D:5      | Entered Level 5 of the Dungeon
  4139 | D:5      | HP: 2/48 [gnoll/+0 flail[a gnoll bouda] (3)]
  4143 | D:5      | Slain by a gnoll

Illustrated notes

Levels and vault maps discovered:
D:1:      evilmike_arrival_rings, layout_loops_ring
D:2:      layout_loops_ring, minmay_misc_feat_four_crosses, nrook_mini_backslash
D:3:      layout_rooms, trog_book, gammafunk_temple_overflow_claw,
          chequers_serial_rivers_small_a, serial_bayou_lagoon_a,
          uniq_crazy_yiuf_cottage
D:4:      lemuel_castle_with_subvaults [lemuel_castle_interior_carwin_1],
          layout_layer_cave, nicolae_ashenzari_skybound,
          minmay_temple_entry_antechambers
D:5:      nicolae_cairo_tiling_large, layout_rooms, grunt_gozag_statues,
          nicolae_kikubaaqudgha_miasma_corner,
          nicolae_concentric_dashed_squares_mild, chequers_serial_rivers_micro_e
Temple:   grunt_temple_mini_profane

Skill      XL: |  1  2  3  4  5  6 |
---------------+-------------------+-----
Ranged Weapons | 3 4 5 6 7 |  7.8
Fighting       | |  1.2
Dodging        | |  2.1
Spellcasting   | |  1.1
Hexes          | |  3.2

Action                   |  1- 3 |  4- 6 |  7- 9 || total
-------------------------+-------+-------+-------++-------
 Fire: Sling             |   149 |   124 |   111 ||   384
 Cast: Slow              |       |     1 |       ||     1
Invok: Bend Time         |       |       |     2 ||     2
 Abil: Hop               |       |     3 |     1 ||     4
  Use: Potion            |       |     1 |     1 ||     2
       Scroll            |       |       |     6 ||     6
Armor: Robe              |     9 |     6 |     3 ||    18
Dodge: Dodged            |    39 |    29 |    21 ||    89

Table legend: (Time is in decaauts)
 A = Elapsed time spent in this place.
 B = Non-inter-level travel time spent in this place.
 C = Inter-level travel time spent in this place.
 D = Time resting spent in this place.
 E = Time spent auto-exploring this place.
 F = Levels seen in this place.
 G = Mean time per level.
                   A        B        C        D        E       F      G
               +--------+--------+--------+--------+--------+-----+--------+
         Total |   4930 |   4772 |    158 |    633 |   3371 |   6 |  821.7 |
       Dungeon |   4622 |   4542 |     80 |    633 |   3151 |   5 |  924.4 |
        Temple |    308 |    230 |     78 |      0 |    219 |   1 |  308.0 |
               +--------+--------+--------+--------+--------+-----+--------+

Top non-repeatable levels by time:
     D:4: 2080 daAuts
     D:1: 915 daAuts
     D:2: 758 daAuts
     D:3: 715 daAuts
  Temple: 308 daAuts
     D:5: 152 daAuts
